 Dungeon Crawl Stone Soup version 0.25.0-11-g1f837a76a1 (console) character file.

Game seed: 1050349129770331285

32136 bli the Basher (level 13, -6/87 HPs)
             Began as a Gargoyle Fighter on June 23, 2020.
             Was a High Priest of Wu Jian.
             Splashed by an oklob plant's acid (13 damage)
             ... on level 2 of the Lair of Beasts on June 25, 2020.
             The game lasted 01:53:58 (18310 turns).

bli the Basher (Gargoyle Fighter)                  Turns: 18310, Time: 01:53:59

Health: -6/87      AC:  9    Str: 21    XL:     13   Next: 62%
Magic:  14/14      EV: 12    Int: 11    God:    Wu Jian [*****.]
Gold:   845        SH: 11    Dex: 17    Spells: 12/12 levels left

rFire    + . .     SeeInvis .   a - +1 mace (protect)
rCold    . . .     Gourm    .   s - +0 buckler
rNeg     + . .     Faith    .   K - +2 chain mail {rF+}
rPois    ∞         Spirit   .   H - +0 helmet
rElec    +         Reflect  +   i - scarf {harm}
rCorr    .         Harm     .   (no gloves)
MR       .....                  (no boots)
Stlth    ..........             e - amulet of reflection
HPRegen  0.24/turn              k - +4 ring of slaying
MPRegen  0.14/turn              w - +6 ring of dexterity

@: corroded
A: negative energy resistance 1, electricity resistance, unbreathing,
petrification resistance, rot immunity, AC +9
a: Wall Jump, Serpent's Lash, Heavenly Storm, Renounce Religion


You were on level 2 of the Lair of Beasts.
You worshipped Wu Jian.
Wu Jian was extremely pleased with you.
You were very hungry.

You visited 4 branches of the dungeon, and saw 18 of its levels.

You collected 877 gold pieces.
You spent 32 gold pieces at shops.

Inventory:

Hand Weapons
 a - a +1 mace of protection (weapon)
 b - a +5 flail
 V - a +2 whip of freezing
Missiles
 c - 7 curare-tipped darts
 O - 28 poisoned darts (quivered)
 P - 3 boomerangs of dispersal
Armour
 i - a scarf of harm (worn)
 s - a +0 buckler (worn)
 A - the +3 leather armour of the Moon {rN+}
   (You found it on level 1 of the Lair of Beasts)

   It protects you from negative energy.
 H - a +0 helmet (worn)
 K - a +2 chain mail of fire resistance (worn)
Jewellery
 e - an amulet of reflection (around neck)
 k - a +4 ring of slaying (left hand)
 w - a +6 ring of dexterity (right hand)
 T - an uncursed ring of fire
 X - an uncursed amulet of the acrobat
 Z - an uncursed ring of protection from magic
Wands
 x - a wand of digging (6)
 D - a wand of clouds (3)
 M - a wand of random effects (4)
 N - a wand of iceblast (10)
 Q - a wand of flame (53)
 S - a wand of disintegration (17)
Scrolls
 g - 4 scrolls of immolation
 h - a scroll of identify
 j - 2 scrolls of random uselessness
 l - 3 scrolls of noise
 m - 2 scrolls of fog
 n - 3 scrolls of fear
 p - 3 scrolls of magic mapping
 r - 8 scrolls of teleportation
 C - 8 scrolls of remove curse
 I - a scroll of summoning
 J - 2 scrolls of enchant weapon
 R - 3 scrolls of amnesia
Potions
 d - 2 potions of might
 o - a potion of berserk rage
 q - a potion of brilliance {unknown}
 t - 3 potions of flight
 u - 4 potions of lignification
 v - a potion of stabbing {unknown}
 z - a potion of ambrosia {unknown}
 B - 2 potions of heal wounds {unknown}
 E - 2 potions of cancellation {unknown}
 F - 4 potions of resistance
 G - 2 potions of invisibility {unknown}
 L - 4 potions of curing
 W - a potion of mutation
 Y - 2 potions of haste
Miscellaneous
 y - 2 boxes of beasts
Comestibles
 f - 23 rations


   Skills:
 * Level 12.6 Fighting
 + Level 14.0 Maces & Flails
 + Level 11.1 Armour
 + Level 6.4 Dodging
 + Level 2.3 Stealth
 + Level 6.9 Shields
 + Level 1.8 Evocations


You had 12 spell levels left.
You didn't know any spells.
Your spell library contained the following spells:

 Spells                   Type           Power        Failure   Level  Hunger
 Animate Skeleton         Necr           N/A          91%         1    ##.....
 Beastly Appendage        Tmut           #.....       91%         1    ##.....
 Pain                     Necr           #...         91%         1    ##.....
 Poisonous Vapours        Pois/Air       #.....       97%         2    ###....
 Sticks to Snakes         Tmut           #.......     97%         2    ###....
 Conjure Flame            Conj/Fire      #.......     100%        3    ####...
 Mephitic Cloud           Conj/Pois/Air  #.......     100%        3    ####...
 Spider Form              Tmut/Pois      #.........   100%        3    ####...
 Vampiric Draining        Necr           #.........   100%        3    ####...
 Animate Dead             Necr           N/A          100%        4    #####..
 Dispel Undead            Necr           #.......     100%        4    #####..
 Fulminant Prism          Conj/Hex       #.........   100%        4    #####..
 Ice Form                 Ice/Tmut       #.......     100%        4    #####..
 Olgreb's Toxic Radiance  Pois           #.......     100%        4    #####..
 Petrify                  Tmut/Erth      #.......     100%        4    #####..
 Summon Lightning Spire   Summ/Air       #.......     100%        4    #####..
 Agony                    Necr           #.......     100%        5    ######.
 Blade Hands              Tmut           #.........   100%        5    ######.
 Freezing Cloud           Conj/Ice/Air   #.........   100%        6    #######
 Ring of Flames           Chrm/Fire      #.........   100%        7    #######


Dungeon Overview and Level Annotations

Branches:
Dungeon (14/15)            Temple (1/1) D:7            Lair (2/6) D:9
  Snake (0/4) Lair:2          Orc (1/2) D:12
  Swamp: Lair:2-4    Shoals: Lair:2-4    Vaults: D:13-14

Altars:
Cheibriados
Gozag
Hepliaklqana
Kikubaaqudgha
Okawaru
Qazlal
Ru
Vehumet
Wu Jian

Shops:
D:9 =   D:10 :   D:11 ?   D:13 %

Annotations:
D:8 1 runed translucent door, Asparus's ghost, novice DEAE
Lair:2 exclusion: 4 oklob plants


Innate Abilities, Weirdness & Mutations

You are resistant to torment.
Your stone body is resilient. (AC +9)
You are immune to poison.
You resist negative energy. (rN+)
You are resistant to electric shocks. (rElec)
You can survive without breathing.
You are immune to petrification.
You are immune to rotting.


Message History

Evoke which item? (* to show all) (? for menu, Esc to quit)
Aiming: Cloud Cone
Press: ? - help, Dir - move target cursor, p - oklob plant You create a blast of noxious fumes!
The oklob plant spits acid at you. The splash of acid hits you.
The acid corrodes you!
You are splashed with acid!
* * * LOW HITPOINT WARNING * * *
The oklob plant spits acid at you. The splash of acid hits you.
* * * LOW HITPOINT WARNING * * *
The acid corrodes you!
You are splashed with acid!
* * * LOW HITPOINT WARNING * * *
The oklob plant spits acid at you.
The splash of acid reflects off an invisible shield around you!
The splash of acid hits the oklob plant.
The oklob plant completely resists.
The oklob plant spits acid at you.
The splash of acid hits you but does no damage.
You are splashed with acid!
You die...

######....# #...
#P....###### ##.+
##...#.....###...
#..##.###.#.#.#..
###...........#..
##.#...⌠...+.#.⌠
##..........#.#..
##P.##.#.....#.#..
#....#......##....
##..P######.#.#...
#######@#.P# ##..#...
#%P$......## ####...
#($.$§§...# #⌠.>
#$.§§§§...######## #...
#P§§§P§...#.#....####..⌠
#P§§§§...P#..≈≈≈..≈..###
#######..##.≈≈≈≈≈≈......
#####≈≈≈≈≈≈≈≈.....
##.≈≈≈≈≈≈......
#...≈≈≈≈≈≈.....
#..>≈≈≈≈≈≈.....


You could see 4 oklob plants.

Vanquished Creatures
  A hydra (Lair:2)
  2 two-headed ogres
  A queen ant (D:11)
  4 centaur warriors
  Urug (Lair:2)
  2 tengu warriors (D:12)
  An unseen horror (D:14)
  Pikel (D:8)
  A deep elf mage (D:13)
  A cyclops (D:14)
  4 ugly things
  A manticore (D:12)
  An elephant (D:9)
  Maurice (D:11)
  Maggie (D:6)
  3 gargoyles
  A spiny frog (Lair:1)
  3 centaur skeletons
  A rime drake (Lair:2)
  2 komodo dragons
  A yaktaur (D:14)
  3 trolls
  A polar bear (Lair:2)
  2 hornets
  A spriggan (D:7)
  A fire elemental (D:14)
  4 wyverns
  A wraith (D:10)
  10 yaks
  A vampire (D:9)
  2 hungry ghosts
  5 basilisks
  4 nagas (Lair:2)
  21 soldier ants
  3 water moccasins
  6 porcupines
  An ice beast (D:10)
  3 sky beasts
  An eye of draining (D:11)
  3 black bears
  7 orc warriors
  3 wolves (Lair:2)
  19 centaurs
  3 phantoms
  3 ogres
  7 crocodiles
  A big kobold (D:12)
  A gnoll sergeant (D:10)
  11 bullfrogs
  A wyvern skeleton (D:11)
  2 scorpions
  4 killer bees (D:8)
  4 wights (D:6)
  4 electric eels
  6 howler monkeys
  7 crimson imps
  4 lava snakes (D:14)
  A quasit (D:10)
  2 centaur zombies
  12 orc priests
  3 bullfrog skeletons
  4 hounds
  7 jellies
  19 orc wizards
  4 iguanas
  Natasha (thrice) (D:3)
  8 hell rats (Lair:2)
  29 worker ants
  A killer bee zombie (D:5)
  A hound skeleton (D:6)
  A worker ant zombie (D:6)
  11 adders
  14 gnolls
  7 river rats (Lair:2)
  4 shadow imps
  5 oozes
  An adder skeleton (D:5)
  An adder zombie (D:2)
  3 worms
  2 dart slugs
  5 leopard geckos
  88 orcs
  A giant cockroach (D:2)
  6 goblins
  5 hobgoblins
  4 jackals (D:1)
  10 kobolds
  8 quokkas
  6 bats
  7 frilled lizards
  A leopard gecko skeleton (D:3)
  A quokka skeleton (D:6)
  16 rats
  2 butterflies
  A fungus (Lair:2)
  3 plants (Lair:2)
501 creatures vanquished.

Vanquished Creatures (others)
  A slave (D:7)
  A jelly (D:7)
  2 orcs (D:8)
  A leopard gecko skeleton (D:7)
  A fungus (D:8)
  12 plants
18 creatures vanquished.

Grand Total: 519 creatures vanquished

Notes
Turn   | Place    | Note
-------+----------+-------------------------------------------
     0 | D:1      | bli the Gargoyle Fighter began the quest for the Orb.
     0 | D:1      | Reached XP level 1. HP: 14/14 MP: 1/1
   115 | D:1      | Reached XP level 2. HP: 18/19 MP: 2/2
   353 | D:1      | Reached XP level 3. HP: 20/23 MP: 3/3
   761 | D:2      | Found a faded altar of an unknown god.
  1206 | D:2      | Reached XP level 4. HP: 21/28 MP: 4/4
  1501 | D:3      | You fall into a shaft and drop 3 floors!
  1513 | D:6      | Reached skill level 3 in Maces & Flails
  1515 | D:6      | Found a sacrificial altar of Ru.
  1518 | D:6      | Found an ancient bone altar of Kikubaaqudgha.
  1521 | D:6      | Found an iron altar of Okawaru.
  1524 | D:6      | Found an ornate altar of the Wu Jian Council.
  1529 | D:6      | Became a worshipper of the Wu Jian Council
  1538 | D:6      | Noticed a centaur
  1548 | D:6      | Killed a centaur
  1548 | D:6      | Reached XP level 5. HP: 28/33 MP: 5/5
  1558 | D:5      | Entered Level 5 of the Dungeon
  1644 | D:5      | Reached skill level 4 in Maces & Flails
  1644 | D:5      | Reached XP level 6. HP: 38/38 MP: 6/6
  2327 | D:3      | Noticed Natasha
  2346 | D:3      | Killed Natasha
  2570 | D:3      | Noticed Natasha
  2576 | D:3      | Killed Natasha
  2697 | D:4      | Reached skill level 5 in Maces & Flails
  2746 | D:4      | Reached skill level 5 in Armour
  2760 | D:3      | Reached XP level 7. HP: 21/43 MP: 7/7
  3031 | D:4      | Reached * piety under Wu Jian
  3268 | D:3      | Noticed Natasha
  3273 | D:3      | Killed Natasha
  3670 | D:5      | Found a snail-covered altar of Cheibriados.
  4047 | D:6      | Found a radiant altar of Vehumet.
  4155 | D:6      | Reached ** piety under Wu Jian
  4155 | D:6      | Reached skill level 6 in Maces & Flails
  4516 | D:6      | Noticed Maggie
  4532 | D:6      | Killed Maggie
  4532 | D:6      | Reached skill level 5 in Fighting
  4532 | D:6      | Reached skill level 7 in Maces & Flails
  4532 | D:6      | Reached skill level 1 in Dodging
  4532 | D:6      | Reached XP level 8. HP: 32/49 MP: 8/8
  4779 | D:6      | Reached skill level 1 in Stealth
  4791 | D:6      | Found a hazy altar of Hepliaklqana.
  5115 | D:7      | Found a staircase to the Ecumenical Temple.
  5128 | Temple   | Entered the Ecumenical Temple
  5162 | D:8      | Found an opulent altar of Gozag.
  5259 | D:8      | Found a runed translucent door.
  5260 | D:8      | Noticed Asparus's ghost (novice DEAE)
  5260 | D:8      | Noticed a spriggan
  5260 | D:8      | Noticed a polar bear
  5261 | D:8      | Identified the +9 trident of Sugu Oto {flame, +Fly}
  5261 | D:8      | Noticed a spriggan
  5262 | D:8      | Noticed a spriggan
  5282 | D:7      | Noticed Pikel
  5305 | D:8      | Killed Pikel
  5305 | D:8      | Reached skill level 8 in Maces & Flails
  5305 | D:8      | Reached skill level 1 in Evocations
  5305 | D:8      | Reached XP level 9. HP: 38/55 MP: 9/9
  5559 | D:7      | Reached *** piety under Wu Jian
  5607 | D:7      | Reached skill level 9 in Maces & Flails
  5620 | D:7      | Noticed a hornet
  5629 | D:7      | Killed a hornet
  6024 | D:8      | Noticed a centaur warrior
  6049 | D:8      | Killed a centaur warrior
  6049 | D:8      | Reached XP level 10. HP: 9/64 MP: 10/10
  6530 | D:8      | Reached skill level 10 in Maces & Flails
  6604 | D:8      | Identified Witchery in Simple Steps
  6663 | D:8      | Reached skill level 5 in Shields
  7106 | D:9      | Reached **** piety under Wu Jian
  7239 | D:9      | Noticed an elephant
  7241 | D:9      | Found a staircase to the Lair.
  7289 | D:9      | Killed an elephant
  7491 | D:9      | Noticed a purple ugly thing
  7516 | D:9      | Killed a purple ugly thing
  7947 | D:9      | Found Lethremm's Jewellery Emporium.
  8191 | D:10     | Entered Level 10 of the Dungeon
  8208 | D:10     | Reached XP level 11. HP: 70/72 MP: 11/11
  8503 | D:10     | Found Wantesoho's Book Shop.
  8564 | D:10     | Reached skill level 11 in Maces & Flails
  8599 | D:10     | Upgraded the game from 0.25.0-10-g039870ee82 to
                  | 0.25.0-11-g1f837a76a1
  9088 | D:10     | Reached ***** piety under Wu Jian
  9159 | D:11     | Reached skill level 5 in Dodging
  9356 | D:11     | Reached skill level 10 in Fighting
  9512 | D:11     | Noticed a queen ant
  9553 | D:11     | Killed a queen ant
  9581 | D:11     | Reached skill level 12 in Maces & Flails
  9964 | D:11     | Found Liot's Magic Scroll Shoppe.
  9975 | D:11     | Bought a scroll of identify for 32 gold pieces
 10201 | D:11     | Reached XP level 12. HP: 77/79 MP: 12/12
 10612 | D:12     | Noticed Maurice
 10639 | D:11     | Killed Maurice
 10662 | D:12     | Noticed a tengu warrior
 10689 | D:12     | Killed a tengu warrior
 10697 | D:12     | Noticed a tengu warrior
 10723 | D:12     | Killed a tengu warrior
 10723 | D:12     | Reached skill level 13 in Maces & Flails
 11566 | D:12     | Noticed a two-headed ogre
 11600 | D:12     | Killed a two-headed ogre
 11746 | D:12     | Found a staircase to the Orcish Mines.
 12652 | D:13     | Noticed a centaur warrior
 12668 | D:13     | Killed a centaur warrior
 13260 | D:13     | Noticed a two-headed ogre
 13270 | D:13     | Killed a two-headed ogre
 13284 | D:13     | Noticed a centaur warrior
 13304 | D:13     | Killed a centaur warrior
 13304 | D:13     | Reached XP level 13. HP: 23/86 MP: 14/14
 13735 | D:13     | Found Pirph's Food Shop.
 14253 | D:14     | Found a stormy altar of Qazlal.
 14297 | D:14     | Reached skill level 10 in Armour
 14801 | D:14     | Noticed a vault guard
 14801 | D:14     | Noticed a vault guard
 14802 | D:14     | Noticed a vault guard
 14802 | D:14     | Noticed a vault guard
 15068 | Orc:1    | Entered Level 1 of the Orcish Mines
 15145 | Lair:1   | Entered Level 1 of the Lair of Beasts
 15432 | Lair:1   | Got a twisted leather armour
 15443 | Lair:1   | Identified the +3 leather armour of the Moon {rN+} (You
                  | found it on level 1 of the Lair of Beasts)
 15544 | Lair:1   | Reached skill level 14 in Maces & Flails
 16197 | Lair:2   | Noticed Urug
 16203 | Lair:2   | Paralysed by Urug for 5 turns
 16217 | Lair:2   | Killed Urug
 17000 | Lair:2   | Found a staircase to the Snake Pit.
 18310 | Lair:2   | Splashed by an oklob plant's acid

Illustrated notes

Levels and vault maps discovered:
D:1:      dpeg_arrival_pits, layout_rooms
D:2:      layout_basic, chequers_ecumenical_altar_island, serial_forest,
          infiniplex_forest_lined_3, infiniplex_forest_corner_1,
          infiniplex_forest_corner_2, infiniplex_forest_lined_corner,
          infiniplex_forest_straight_2
D:3:      layout_basic, grunt_ministairs_14, kennysheep_generic_room_15,
          uniq_natasha
D:4:      layout_loops_ring, first_ration
D:5:      layout_basic, slow_altar_1
D:6:      layout_basic, vehumet_altar_wand_db, grunt_temple_overflow_cloverleaf,
          basic_altar, uniq_maggie
D:7:      layout_cave_pools, minmay_temple_entry_water_ring, the_bakery,
          uniq_pikel
D:8:      minmay_the_grid_octo_triangle [minmay_the_grid_octo_fan_narrow,
          minmay_the_grid_octo_prize_square_snowflake,
          minmay_the_grid_octo_toaster], layout_rooms,
          ebering_ghost_funeral_grove, nicolae_gozag_seed_capital
D:9:      layout_basic, david_lair_generic, serial_shops, shop
D:10:     layout_long_grid, serial_shops, shop
D:11:     layout_rooms, serial_shops, shop, serial_rivers,
          chequers_serial_rivers_small_a, chequers_serial_rivers_marsh,
          chequers_serial_rivers_marsh, chequers_serial_rivers_small_b,
          chequers_serial_rivers_micro_e, minivault_29
D:12:     layout_cave_pools, hiddenorc2_lemuel, uniq_maurice
D:13:     layout_basic, serial_shops, kennysheep_little_box
D:14:     fort_yaktaur, layout_basic, lightli_vaults_fourway_checkpoint,
          special_room [special_room_bee], basic_altar,
          hangedman_abyss_or_decor_stabs
Temple:   eino_temple_scatter_basement
Lair:1:   statuecave_lemuel, layout_regular_city, lemuel_fruit_fields
Lair:2:   lemuel_ratsnest, layout_misc_corridors,
          minmay_snake_entry_guardpost_small, minmay_lair_oklob_chamber,
          grunt_megastairs_1, serial_bayou_shore_a, lemuel_fruit_fields,
          infiniplex_staircase_pool, uniq_urug
Orc:1:    layout_diamond_mine, serial_shops,
          nicolae_shop_temple_entry_statues_fountains, uniq_harold

Skill      XL: |  1  2  3  4  5  6  7  8  9 10 11 12 13 |
---------------+----------------------------------------+-----
Shields        | 4 5 6 |  6.9
Armour         | 4 5 6 7 8 9 11 | 11.1
Maces & Flails | 3 4 5 7 8 9 10 12 13 14 | 14.0
Fighting       | 4 5 6 8 9 10 12 | 12.6
Dodging        | 1 2 3 4 5 6 |  6.4
Stealth        | 1 2 |  2.3
Evocations     | 1 |  1.8

Action                   |  1- 3 |  4- 6 |  7- 9 | 10-12 | 13-15 || total
-------------------------+-------+-------+-------+-------+-------++-------
Melee: Flail             |    96 |     2 |       |     7 |       ||   105
       Mace              |    20 |       |   326 |  1264 |   477 ||  2087
       Whip              |       |   109 |    29 |       |       ||   138
Throw: Dart              |       |       |     7 |    41 |     7 ||    55
Invok: Lunge             |       |     9 |    26 |    88 |    39 ||   162
       Whirlwind         |       |       |    19 |   175 |    28 ||   222
       Serpent's Lash    |       |       |       |     3 |     4 ||     7
       Heavenly Storm    |       |       |       |     1 |     1 ||     2
 Abil: Wall Jump         |       |       |       |     2 |       ||     2
Evoke: Wand              |       |       |     8 |     6 |    25 ||    39
  Use: Scroll            |       |       |    10 |     5 |     2 ||    17
       Potion            |       |       |       |     1 |     1 ||     2
  Eat: Chunk             |     1 |     5 |     7 |    28 |    12 ||    53
       Ration            |       |       |     1 |       |     1 ||     2
Armor: Scale mail        |    88 |    35 |    57 |       |       ||   180
       Swamp dragon scal |       |       |    97 |    38 |       ||   135
       Chain mail        |       |       |       |   477 |   131 ||   608
Dodge: Dodged            |    30 |    34 |   180 |   498 |   112 ||   854
Block: Kite shield       |    60 |       |       |       |       ||    60
       Buckler           |     6 |    16 |    72 |   258 |   127 ||   479
       Reflection        |       |       |       |     5 |    12 ||    17
